 Dungeon Crawl Stone Soup version 0.27-a0-277-g024f7ef292 (webtiles) character file.

Game seed: 1583677499450465890

26 mobtown the Grave Robber (level 2, -1/15 HPs)
             Began as a Deep Elf Necromancer on Feb 5, 2021.
             Slain by a jackal (3 damage)
             ... on level 1 of the Dungeon.
             The game lasted 00:03:10 (686 turns).

mobtown the Grave Robber (Deep Elf Necromancer)      Turns: 686, Time: 00:03:10

Health: -1/15      AC:  2    Str:  5    XL:     2   Next: 89%
Magic:  0/8        EV: 13    Int: 19    God:
Gold:   24         SH:  0    Dex: 21    Spells: 6/7 levels left

rFire    . . .     SeeInvis .   e - +0 dagger
rCold    . . .     Faith    .   (no shield)
rNeg     . . .     Spirit   .   a - +0 robe
rPois    .         Reflect  .   (no helmet)
rElec    .         Harm     .   (no cloak)
rCorr    .         Rampage  .   (no gloves)
Will     .....                  (no boots)
Stlth    +++.......             (no amulet)
HPRegen  0.05/turn              g - +6 ring of dexterity
MPRegen  0.11/turn              (no ring)

@: no status effects
A: no striking features
a: no special abilities


You were on level 1 of the Dungeon.
You visited 1 branch of the dungeon, and saw 1 of its levels.

You collected 24 gold pieces.

Inventory:

Hand Weapons
 e - a +0 dagger (weapon)
Missiles
 f - 24 stones
Armour
 a - a +0 robe (worn)
Jewellery
 g - a +6 ring of dexterity (left hand)
Scrolls
 b - 3 scrolls of identify {unknown}
 c - 2 scrolls of fog {unknown}
Potions
 d - a potion of invisibility {unknown}


   Skills:
 + Level 2.4 Dodging
 + Level 2.6 Stealth
 + Level 3.3 Spellcasting
 * Level 5.7 Necromancy


You had 6 spell levels left.
You knew the following spells:

 Your Spells              Type           Power        Failure   Level
a - Pain                  Necr           96%          1%          1

Your spell library contained the following spells:

 Spells                   Type           Power        Failure   Level
 Animate Skeleton         Necr           48%          1%          1
 Vampiric Draining        Necr           12%          4%          3
 Animate Dead             Necr           12%          14%         4
 Agony                    Necr           24%          36%         5


Dungeon Overview and Level Annotations

Branches:
Dungeon (1/15)

Altars:


Message History

Aim: a goblin, wielding a +0 club (chance to affect: 93%)
The goblin writhes in agony.
You kill the goblin!
The jackal barely misses you. The jackal misses you.
The jackal closely misses you. The jackal closely misses you.
The jackal bites you.
* * * LOW HITPOINT WARNING * * *
Casting: Pain (safe; 1% risk of failure)
Confirm with . or Enter, or press ? or * to list all spells.
Aiming: Pain (safe; 1% risk of failure)
Press: ? - help, Shift-Dir - straight line, f - jackal
Aim: a jackal (chance to affect: 93%)
The jackal writhes in agony!
You kill the jackal!
The jackal closely misses you.
The jackal stops to sniff the ground.
The jackal barely misses you. The jackal bites you.
You die...

#.#.#.#.# ###.#.#.#.
#).#.#.#.# ####.#.#.#.#.
##.....#.#.#.#
#..##.#.#.#.#.
#.###..#.#.#.#
######^#...#.#.#.#.
###h@.........#.#.#.#
##...####.#...#.#.#.#.
#..######.#....#.#.#.#
##.........#...#.#.#.#
###.†......###........###
###..'+++++...##....###....
#....+....+.........###.##.
##...+..<.'....##...##..##.
##..+....+....##..........


You could see a jackal.

Vanquished Creatures
  A ball python (D:1)
  A giant cockroach (D:1)
  8 goblins (D:1)
  3 hobgoblins (D:1)
  2 jackals (D:1)
  3 bats (D:1)
  A kobold (D:1)
  2 rats (D:1)
21 creatures vanquished.

Notes
Turn   | Place    | Note
-------+----------+-------------------------------------------
     0 | D:1      | mobtown the Deep Elf Necromancer began the quest for the
                  | Orb.
     0 | D:1      | Reached XP level 1. HP: 10/10 MP: 6/6
   105 | D:1      | Reached skill level 5 in Necromancy
   319 | D:1      | Reached XP level 2. HP: 9/15 MP: 4/8
   686 | D:1      | Slain by a jackal

Illustrated notes

Levels and vault maps discovered:
D:1:      lightli_arrival_maybe_door_vault, layout_rooms, minivault_23

Skill      XL: |  1 |
---------------+----+-----
Necromancy     | 5 |  5.7
Dodging        | |  2.4
Stealth        | |  2.6
Spellcasting   | |  3.3

Action                   || total
-------------------------++-------
Melee: Dagger            ||     7
 Cast: Pain              ||    27
Dodge: Dodged            ||    11

Table legend: (Time is in decaauts)
 A = Elapsed time spent in this place.
 B = Non-inter-level travel time spent in this place.
 C = Inter-level travel time spent in this place.
 D = Time resting spent in this place.
 E = Time spent auto-exploring this place.
 F = Levels seen in this place.
 G = Mean time per level.
                   A        B        C        D        E       F      G
               +--------+--------+--------+--------+--------+-----+--------+
         Total |    685 |    685 |      0 |    198 |    391 |   1 |  685.0 |
       Dungeon |    685 |    685 |      0 |    198 |    391 |   1 |  685.0 |
               +--------+--------+--------+--------+--------+-----+--------+

Top non-repeatable levels by time:
     D:1: 685 daAuts
